 Dungeon Crawl Stone Soup version 0.28.0-53-g5a82cb258f (webtiles) character file.

Game seed: 2313166740624732278

340 gobodom the Chopper (level 6, -2/46 HPs)
             Began as a Demonspawn Gladiator on June 7, 2022.
             Slain by Duvessa
             ... wielding a +0 short sword
              (4 damage)
             ... on level 5 of the Dungeon.
             The game lasted 00:17:59 (3888 turns).

gobodom the Chopper (Demonspawn Gladiator)          Turns: 3888, Time: 00:17:59

Health: -2/46      AC:  9    Str: 16 (17) XL:     6   Next: 30%
Magic:  7/8        EV: 12    Int:  9      God:
Gold:   159        SH:  0    Dex: 14      Spells: 6/7 levels left

rFire   . . .      SeeInvis .   g - +1 dagger (venom)
rCold   . . .      Faith    .   j - orb {*Rage}
rNeg    . . .      Spirit   .   b - +0 leather armour
rPois   .          Reflect  .   c - +0 helmet
rElec   .          Harm     .   (no cloak)
rCorr   .          Rampage  .   (no gloves)
Will    .....      Rage     20% h - +1 pair of boots
Stlth   +.........              (no amulet)
HPRegen 0.15/turn               (no ring)
MPRegen 0.11/turn               (no ring)

@: on berserk cooldown, slowed, very slow
A: icy blue scales 2, demonic guardian 2, deterioration 1
a: no special abilities


You were on level 5 of the Dungeon.
You visited 1 branch of the dungeon, and saw 5 of its levels.

You collected 159 gold pieces.

Inventory:

Hand Weapons
 a - a +1 war axe
 f - a +0 short sword of flaming
 g - a +1 dagger of venom (weapon)
Missiles
 d - a throwing net
 e - 13 stones (quivered)
 m - 5 boomerangs
Armour
 b - a +0 leather armour (worn)
 c - a +0 helmet (worn)
 h - a +1 pair of boots (worn)
 j - an orb of wrath (worn)
Scrolls
 i - 2 scrolls of magic mapping
 k - a scroll of vulnerability
Potions
 l - a potion of curing


   Skills:
 + Level 2.5 Fighting
 + Level 2.3 Short Blades
 + Level 3.7 Axes
 + Level 2.1 Throwing
 + Level 1.5 Armour
 + Level 3.3 Dodging
 + Level 0.4 Stealth
 + Level 1.4 Spellcasting
 + Level 1.2 Conjurations
 + Level 1.3 Air Magic


You had 6 spell levels left.
You knew the following spells:

 Your Spells              Type           Power      Damage    Failure   Level
a - Shock                 Conj/Air       8%         1d3       26%         1

Your spell library contained the following spells:

 Spells                   Type           Power      Damage    Failure   Level
 Magic Dart               Conj           8%         1d3       26%         1
 Animate Skeleton         Necr           0%         N/A       41%         1


Dungeon Overview and Level Annotations

Branches:
Dungeon (5/15)
 Temple: D:4-7

Altars:

Annotations:
D:5 Dowan, Duvessa


Innate Abilities, Weirdness & Mutations

You are mostly covered in icy blue scales. (AC +3)
A demonic guardian rushes to your aid.
Your body sometimes deteriorates upon taking damage.


Message History

You puncture the ogre!
You kill the ogre!
Your life force feels restored.
You have reached level 6!
Your demonic ancestry asserts itself...
Your guardian grows in power.
Things that are here:
a +0 giant spiked club; an ogre corpse You feel a strong urge to attack something.
Things that are here:
a +0 whip; a +0 leather armour; an orc corpse You are no longer berserk.
You are exhausted.
You feel yourself slow down.
Things that are here:
a +0 giant spiked club; an ogre corpse You see here a +0 whip.
Duvessa, Sister of Dowan comes into view.
She is wielding a +0 short sword and wearing a +0 leather armour of fire resistance.
Found a potion of curing and a scroll of identify.
Found a stone staircase leading up.
Duvessa shouts!
You hear a shout!
Dowan, Brother of Duvessa comes into view.
He is wielding a +0 dagger and wearing a +2 robe of positive energy.
Dowan gestures wildly while chanting.
Dowan blinks!
Duvessa hits you with a +0 short sword.
* * * LOW HITPOINT WARNING * * *
Found 21 stones.
Found a stone staircase leading down.
Dowan says, "My weaknesses are her strengths!"
Dowan gestures at Duvessa while chanting.
Duvessa seems to speed up.
Duvessa says, "When magic and the sword combine, nothing stands against them."
Duvessa hits you with a +0 short sword!
* * * LOW HITPOINT WARNING * * *
Your body deteriorates!
You feel weakened.
A demonic guardian appears!
Dowan mumbles some strange words.
Dowan blinks!
Duvessa closely misses you.
You see here a potion of curing.
l - a potion of curing Duvessa hits you with a +0 short sword.
You die...

..> ... .... .....
.....# ......#####
.......@4.#
.......e#.#
....(.#...#########
......##....)..)).##
..... ##..######..#
....# ##?..# ####
#### ###.# .ยง# ...


You could see Duvessa (fast, ally target) and a friendly hellwing (summoned).

Vanquished Creatures
  An ogre (D:5)
  An orc priest (D:2)
  An iguana (D:4)
  3 adders
  4 orcs
  2 ball pythons (D:1)
  7 endoplasms
  2 giant cockroaches (D:1)
  7 goblins
  6 hobgoblins
  2 jackals (D:2)
  6 quokkas
  7 bats
  4 frilled lizards
  6 kobolds
  5 rats
64 creatures vanquished.

Vanquished Creatures (collateral kills)
  A scorpion (D:3)
  An orc priest (D:2)
  An ufetubus (D:2)
  3 orcs
6 creatures vanquished.

Grand Total: 70 creatures vanquished

Notes
Turn   | Place    | Note
-------+----------+-------------------------------------------
     0 | D:1      | gobodom the Demonspawn Gladiator began the quest for the
                  | Orb.
     0 | D:1      | Reached XP level 1. HP: 16/16 MP: 1/1
   221 | D:1      | Gained mutation: You are partially covered in icy blue
                  | scales. (AC +2) [demonic ancestry]
   221 | D:1      | Reached XP level 2. HP: 19/22 MP: 2/2
   531 | D:1      | Got The Arcane Arts for Novices
   534 | D:1      | Learned a level 1 spell: Shock
   663 | D:1      | Gained mutation: A weak demonic guardian rushes to your
                  | aid. [demonic ancestry]
   663 | D:1      | Reached XP level 3. HP: 25/27 MP: 1/3
  1192 | D:2      | Gained mutation: You are mostly covered in icy blue scales.
                  | (AC +3) [demonic ancestry]
  1192 | D:2      | Reached XP level 4. HP: 3/33 MP: 1/4
  1825 | D:2      | Reached skill level 1 in Short Blades
  2124 | D:3      | Noticed a scorpion
  2161 | D:3      | Killed a scorpion
  2162 | D:3      | Reached skill level 1 in Armour
  2162 | D:3      | Reached XP level 5. HP: 2/39 MP: 2/6
  2162 | D:3      | HP: 1/39 [poisoned by a scorpion]
  2511 | D:3      | Reached skill level 1 in Air Magic
  3345 | D:3      | Reached skill level 1 in Spellcasting
  3495 | D:3      | Noticed a necrophage
  3839 | D:4      | Reached skill level 1 in Conjurations
  3840 | D:4      | Noticed an ogre
  3851 | D:5      | Entered Level 5 of the Dungeon
  3863 | D:5      | Gained mutation: Your body sometimes deteriorates upon
                  | taking damage. [potion of mutation]
  3875 | D:5      | Killed an ogre
  3876 | D:5      | Gained mutation: A demonic guardian rushes to your aid.
                  | [demonic ancestry]
  3876 | D:5      | Reached XP level 6. HP: 15/46 MP: 5/8
  3883 | D:5      | Noticed Duvessa
  3883 | D:5      | Noticed Dowan
  3886 | D:5      | HP: 1/46 [Duvessa/+0 short sword (10)]
  3888 | D:5      | Slain by Duvessa

Illustrated notes

Levels and vault maps discovered:
D:1:      onia_arrival_mini_spirals, layout_rooms, minmay_crystal_water,
          st_stairs_2, minmay_distorted
D:2:      layout_loops_ring, st_stairs_7
D:3:      layout_loops_corners, hellmonk_ecumenical_altar_leap_of_faith,
          uniq_jessica
D:4:      layout_rooms, mainiacjoe_overflow_swirl, serial_curves,
          eino_curves_04, eino_curves_02, eino_curves_01,
          uniq_crazy_yiuf_cottage
D:5:      layout_rooms, uniq_duvessa

Skill      XL: |  1  2  3  4  5 |
---------------+----------------+-----
Axes           | 3 |  3.7
Dodging        | 3 |  3.3
Throwing       | 2 |  2.1
Short Blades   | 1 2 |  2.3
Armour         | 1 |  1.5
Air Magic      | 1 |  1.3
Spellcasting   | 1 |  1.4
Conjurations   | 1 |  1.2
Fighting       | |  2.5
Stealth        | |  0.4

Action                   |  1- 3 |  4- 6 || total
-------------------------+-------+-------++-------
Melee: War axe           |    81 |       ||    81
       Punch             |     4 |       ||     4
       Short sword       |    32 |    54 ||    86
       Dagger            |       |    55 ||    55
Throw: Throwing net      |     4 |     3 ||     7
       Stone             |       |     2 ||     2
 Cast: Shock             |     6 |    26 ||    32
  Use: Scroll            |     5 |     3 ||     8
       Potion            |       |     3 ||     3
Armor: Leather armour    |    54 |    49 ||   103
Dodge: Dodged            |   108 |    79 ||   187
